[Event "Late-Titled-Tuesday-Blitz-February-27-2024"]
[Site "Chess.com"]
[Date "2024.02.27"]
[Round "1"]
[White "Alexei_Gubajdullin"]
[Black "SharathRk6"]
[Result "1/2-1/2"]
[WhiteElo "2638"]
[BlackElo "2361"]
[TimeControl "180+1"]
[EndTime "14:07:26 PST"]
[Termination "Game drawn - insufficient material"]

1. Nf3 Nf6 2. g3 g6 3. b4 Bg7 4.
Bb2 O-O 5. Bg2 d5 6. O-O Bf5 7. d3 c6 8. Nbd2 Nbd7 9. c4 a5 10. b5 Rc8 11. bxc6 bxc6 12. Bc3 Re8 13. Qa4 e5 14. Bxa5 Qe7 15. cxd5 cxd5 16. Bb4 Qe6 17. e4 dxe4 18. dxe4 Nxe4 19. Nxe4 Bxe4 20. Ng5 Qc6 21. Qxc6 Bxc6 22. Rfd1 Bxg2 23. Kxg2 Nb6 24. a3 h6 25.
Ne4 Red8 26. Nd6 Rc6 27. g4 Nc4 28. Nxc4 Rxd1 29. Rxd1 Rxc4 30. Rd8+ Kh7 31. h3 e4 32. Rd7 Kg8 33. Rd8+ Kh7 34. Rb8 Rc2 35. Rb7 Kg8 36. Re7 f5 37. gxf5 gxf5 38. Re8+ Kf7 39. Rd8 e3 40. Rd7+ Kg8 41. Be1 e2 42. Re7 Ra2 43. Bb4 Bd4 44. Kf3 e1=Q 45. Bxe1 Rxa3+ 46. Kf4 Rxh3 47. Kxf5 Bxf2 48. Bxf2 Rf3+ 49. Kg6 Rxf2 50. Re8+ Rf8 51.
Rxf8+ Kxf8 52. Kxh6 1/2-1/2

[Event "Late-Titled-Tuesday-Blitz-February-27-2024"]
[Site "Chess.com"]
[Date "2024.02.27"]
[Round "1"]
[White "Aleksandar-Topalov"]
[Black "Djager97"]
[Result "1-0"]
[WhiteElo "2353"]
[BlackElo "2620"]
[TimeControl "180+1"]
[EndTime "14:07:27 PST"]
[Termination "Aleksandar-Topalov won on time"]

1. b3 d5 2. Bb2 Nf6 3. Nf3 Bf5 4. g3 e6 5. Bg2 h6 6. O-O Be7 7. d3 O-O 8. Nbd2 Nbd7 9. c4 c6 10. a3 a5 11. Bc3 Bh7 12. b4 axb4 13. axb4 Qc7 14.
Qb3 Bd6 15. Rfc1 Ne5 16. Nxe5 Bxe5 17. Nf3 Bxc3 18. Qxc3 dxc4 19. Qxc4 Nd5 20. b5 Rxa1 21. Rxa1 cxb5 22. Qxb5 Nc3 23. Qb2 Rc8 24. h3 Bf5 25. Kh2 b5 26. Rc1 Qc5 27. d4 Qc4 28. e3 b4 29. Ne5 Qb5 30. e4 Bg6 31. d5 exd5 32. exd5 Kh7 33. Nc6 Qc5 34. Nxb4 Qd4 35. Nc6 Qf6 36.
Rxc3 Qd6 37. Rb3 Re8 38. Qd4 Re1 39. Re3 Rc1 40. Ne5 1-0

[Event "Late-Titled-Tuesday-Blitz-February-27-2024"]
[Site "Chess.com"]
[Date "2024.02.27"]
[Round "1"]
[White "esrosenberg"]
[Black "AlexPapasimakopoulos"]
[Result "0-1"]
[WhiteElo "2422"]
[BlackElo "2735"]
[TimeControl "180+1"]
[EndTime "14:07:28 PST"]
[Termination "AlexPapasimakopoulos won by resignation"]

1. Nf3 d5 2. d4 c6 3. c4 e6 4. e3 Nf6 5. Nc3 Bd6 6. Qc2 Nbd7 7. Bd2 O-O 8. g4 Nxg4 9. Rg1 f5 10. h3 Ngf6 11. cxd5 Nxd5 12. Nxd5 exd5 13. O-O-O Nf6 14. Kb1 Ne4 15. Be1 Qe7 16. h4 f4 17. Ng5 fxe3 18. fxe3 Bf5 19. Bd3 Rae8 20. Nxe4 Bxe4 21. Bg3 Bxg3 22.
Rxg3 Qxh4 23. Rdg1 Rf1+ 24. Rxf1 Qxg3 25. Bxe4 Rxe4 26.
Qc5 Re8 27. a3 Qxe3 28. Ka1 a6 29. Qd6 Qe7 30. Qg3 h6 31. Rg1 Qg5 32. Qh2 Qf6 33. Qc7 Re7 34. Qd8+ Kh7 35. Qb6 Qf2 36. Rb1 h5 37.
Qd8 Re1 38. Qg5 Rxb1+ 39. Kxb1 Qf3 40. Ka2 a5 41. b4 a4 42. b5 Qb3+ 43. Ka1 Qxa3+ 44.
Kb1 Qd3+ 45. Ka2 Qc4+ 0-1

[Event "Late-Titled-Tuesday-Blitz-February-27-2024"]
[Site "Chess.com"]
[Date "2024.02.27"]
[Round "1"]
[White "vugarrasulov"]
[Black "VinzentSpitzl"]
[Result "1-0"]
[WhiteElo "2997"]
[BlackElo "2507"]
[TimeControl "180+1"]
[EndTime "14:07:29 PST"]
[Termination "vugarrasulov won on time"]

1. e4 c5 2. Nf3 d6 3. Bb5+ Bd7 4. a4 g6 5. O-O Bg7 6. Nc3 Nc6 7. d3 Nf6 8. h3 O-O 9. Bg5 a6 10. Bc4 h6 11.
Be3 Rb8 12. Re1 Qc8 13. Nd5 Kh7 14. Nb6 Qc7 15. Nxd7 Qxd7 16. a5 e6 17. Bb3 Qc7 18. Qd2 Nd7 19. h4 Nde5 20. Nxe5 Nxe5 21. f3 c4 22. Ba2 cxd3 23. cxd3 Rbc8 24. Rac1 Qd7 25. d4 Nc6 26. d5 Ne5 27. b4 Qe7 28. Bf2 Rfd8 29.
dxe6 fxe6 30. Red1 Rxc1 31. Rxc1 g5 32. hxg5 hxg5 33.
Bb6 Rh8 34. Rc7 Qf6 35. Rxb7 Kg6 36. Rc7 Nxf3+ 37. gxf3 Qxf3 38. Rxg7+ Kxg7 39. Bd4+ e5 40. Qxg5+ Kh7 41. Qe7+ Kh6 42. Qxd6+ Kh5 43. Qxe5+ Kh4 44. Qf6+ Kg3 45. Qxf3+ Kxf3 46. Bxh8 1-0

[Event "Late-Titled-Tuesday-Blitz-February-27-2024"]
[Site "Chess.com"]
[Date "2024.02.27"]
[Round "1"]
[White "igorknyazev"]
[Black "Statham_01"]
[Result "0-1"]
[WhiteElo "2197"]
[BlackElo "2574"]
[TimeControl "180+1"]
[EndTime "14:07:29 PST"]
[Termination "Statham_01 won by resignation"]

1. e4 e5 2. Nf3 Nc6 3. Bb5 a6 4. Bxc6 dxc6 5. Nc3 f6 6. d4 exd4 7. Nxd4 c5 8. Nde2 Qxd1+ 9. Nxd1 b6 10. Bf4 Bd6 11. Ndc3 Bb7 12. Nd5 Bxd5 13. exd5 O-O-O 14. O-O-O Ne7 15. c4 Ng6 16. Bg3 Rde8 17. Rhe1 Bxg3 18. hxg3 Ne5 19. b3 h5 20. Kc2 Ng4 21. Nf4 Rxe1 22. Rxe1 Kd7 23. f3 Ne5 24. Ne6 g5 25. Rh1 c6 26. Ng7 cxd5 27. Nxh5 Rh6 28. cxd5 Kd6 29. g4 f5 30. gxf5 g4 31. f4 Nd7 32. Kd3 Kxd5 33.
f6 Nxf6 34. Nxf6+ Rxf6 35. Rh5+ Kc6 36. Ke4 b5 37. Ke5 Rd6 38. f5 c4 39. bxc4 bxc4 40. f6 Rd5+ 41. Ke6 Rxh5 42. f7 Rh6+ 43. Kf5 Rh1 44. Ke4 Rf1 45. Kd4 Rf4+ 0-1

[Event "Late-Titled-Tuesday-Blitz-February-27-2024"]
[Site "Chess.com"]
[Date "2024.02.27"]
[Round "1"]
[White "ural58"]
[Black "BogdanDeac"]
[Result "0-1"]
[WhiteElo "2504"]
[BlackElo "2960"]
[TimeControl "180+1"]
[EndTime "14:07:30 PST"]
[Termination "BogdanDeac won by resignation"]

1. e4 c5 2. b3 Nf6 3. e5 Nd5 4.
Nc3 Nc7 5. d4 cxd4 6. Qxd4 Nc6 7. Qe4 g6 8. Bb2 Bg7 9. Nf3 O-O 10.
O-O-O d6 11. exd6 exd6 12. Qf4 d5 13. Nb5 Ne6 14. Qh4 Qxh4 15. Nxh4 a6 16. Nd6 Rd8 17. Nxc8 Raxc8 18. Bxg7 Kxg7 19. Bd3 Nb4 20. Kb2 Nf4 21. Rd2 Nfxd3+ 22. cxd3 d4 23. Nf3 Rc5 24. a3 Nc6 25. Rc1 Rxc1 26. Kxc1 f5 27. Rc2 Rd5 28. b4 a5 29. Rc4 axb4 30. axb4 Kf6 31. Kc2 Ke7 32.
Kb3 Kd6 33. Ng5 Ne5 34. Rc8 Nxd3 35. Rd8+ Kc6 36. Rc8+ Kb6 37. f3 Ne1 38. g3 d3 39.
Rc1 d2 40. Rd1 h6 41. Ne6 Nxf3 42. Nf4 Rd6 43. h4 g5 44. hxg5 hxg5 45. Ne2 Nd4+ 46.
Nxd4 Rxd4 47. Kc3 Rd6 0-1

[Event "Late-Titled-Tuesday-Blitz-February-27-2024"]
[Site "Chess.com"]
[Date "2024.02.27"]
[Round "1"]
[White "fandebobbyfischer"]
[Black "vladoboch"]
[Result "0-1"]
[WhiteElo "2714"]
[BlackElo "2437"]
[TimeControl "180+1"]
[EndTime "14:07:31 PST"]
[Termination "vladoboch won by resignation"]

1. e4 e5 2. Nf3 Nc6 3. Bc4 Nf6 4. Ng5 d5 5. exd5 Na5 6. Bb5+ c6 7.
dxc6 bxc6 8. Bd3 Nd5 9. Nf3 Bd6 10. O-O O-O 11. Re1 Nf4 12. Bf1 Qf6 13. d3 Bg4 14.
Nbd2 Qg6 15. Kh1 f5 16. h3 Bh5 17. g3 e4 18. dxe4 fxe4 19. Rxe4 Nxh3 20. Bxh3 Bxf3+ 21. Nxf3 Qxe4 22. Bg2 Rad8 23. Bg5 Be7 24. Qc1 Bxg5 25. Qxg5 Rd5 26. Qh4 Qxh4+ 27. gxh4 Rdf5 28. Nd4 Rxf2 29. Ne6 Re8 30. Nd4 c5 31. Nb3 Nxb3 32. Bd5+ Kf8 33. axb3 Ree2 34. Bc4 Rxc2 35. Kg1 Rg2+ 36. Kf1 Rcf2+ 37.
Ke1 Rg1+ 38. Kxf2 Rxa1 39. Ke3 Rb1 0-1

[Event "Late-Titled-Tuesday-Blitz-February-27-2024"]
[Site "Chess.com"]
[Date "2024.02.27"]
[Round "1"]
[White "bipe137"]
[Black "1g60-1"]
[Result "1-0"]
[WhiteElo "2570"]
[BlackElo "2176"]
[TimeControl "180+1"]
[EndTime "14:07:31 PST"]
[Termination "bipe137 won on time"]

1. d4 e6 2. c4 f5 3. Nc3 Nf6 4. Qc2 d6 5. Nf3 Nc6 6. g3 Be7 7. Bg2 O-O 8. O-O a5 9. b3 e5 10.
dxe5 dxe5 11. Bb2 Qe8 12. Nb5 Bd8 13. Rad1 Qh5 14. h3 f4 15. g4 Bxg4 16. hxg4 Nxg4 17. Rd7 Re8 18. Rfd1 Bh4 19. Rf1 Bf6 20. Qe4 Rad8 21. Rfd1 Rxd7 22. Rxd7 Bh4 23. Qd5+ Kh8 24. Qf7 Bxf2+ 25. Kf1 Qxf7 26. Rxf7 Bg3 27. Bh3 Ne3+ 28.
Kg1 Rd8 29. Rd7 Re8 30. Ng5 h6 31. Nxc7 Rc8 32. Nf7+ Kh7 33. Ne6 Nd4 34. Nxd4 exd4 35. Bxd4 Re8 36. Ng5+ hxg5 37. Rxg7+ Kh6 38. Rxb7 Nc2 39. Rb6+ Kh5 40. Bg2 1-0

[Event "Late-Titled-Tuesday-Blitz-February-27-2024"]
[Site "Chess.com"]
[Date "2024.02.27"]
[Round "1"]
[White "Schattman"]
[Black "Abund"]
[Result "0-1"]
[WhiteElo "2438"]
[BlackElo "2769"]
[TimeControl "180+1"]
[EndTime "14:07:32 PST"]
[Termination "Abund won on time"]

1. d4 d5 2. Nf3 Nf6 3. c3 c5 4.
dxc5 e6 5. Be3 a5 6. g3 Na6 7. Bg2 Bxc5 8. Bxc5 Nxc5 9. O-O O-O 10. Nbd2 Bd7 11. b4 Na4 12. Qb3 Qb6 13. e3 Rfc8 14. Rfc1 h6 15. Rab1 Rc7 16. Ne5 Be8 17. c4 axb4 18.
Qxb4 Qxb4 19. Rxb4 b5 20. e4 dxc4 21. Nb1 Rd8 22. h4 Rc5 23. f4 Rd4 24. Na3 Rd2 25. Rc2 Rxc2 26. Nxc2 Nc3 27. a4 Nxa4 28. g4 Nc3 29. g5 hxg5 30. hxg5 Nfxe4 31. g6 f6 32. Ng4 Bxg6 33. Nd4 e5 34. fxe5 fxe5 35. Ne6 Rc6 36. Nd8 Rd6 37. Nb7 Rd2 38. Na5 Ne2+ 39. Kh2 Nf4 40. Nxe5 Rxg2+ 0-1

[Event "Late-Titled-Tuesday-Blitz-February-27-2024"]
[Site "Chess.com"]
[Date "2024.02.27"]
[Round "1"]
[White "Rud_2008"]
[Black "ChadBiryani"]
[Result "1-0"]
[WhiteElo "2713"]
[BlackElo "2409"]
[TimeControl "180+1"]
[EndTime "14:07:33 PST"]
[Termination "Rud_2008 won by resignation"]

1. e4 d6 2. d4 Nf6 3. Nc3 e5 4. Nf3 Nbd7 5. Bc4 Be7 6. O-O O-O 7. h3 c6 8. a4 h6 9. Be3 Re8 10. dxe5 Nxe5 11. Nxe5 dxe5 12. Qe2 Qc7 13. a5 Bb4 14.
a6 b5 15. Bd3 Be6 16. Rfd1 Bxc3 17. bxc3 c5 18. Bxb5 Reb8 19. f3 Rb6 20. c4 Ne8 21. Qf2 Rc8 22. Bxe8 Rxe8 23. Bxc5 Rc6 24. Bxa7 Rxc4 25.
Be3 Rxc2 26. Qg3 Kh7 27. a7 Ra8 28. f4 exf4 29. Bxf4 Qb6+ 30. Be3 Qc6 31. Bd4 f6 32. Qd3 Qc4 33. Qxc4 Rxc4 34. Ra6 Bf7 35. Rd6 Bg6 36. Rd7 Kh8 37. e5 Bf5 38. Re7 Be4 39. exf6 Bc2 40.
fxg7+ Kg8 41. Rf1 Rxd4 42. Rf8+ Rxf8 43. gxf8=Q+ Kxf8 44.
a8=Q+ Kxe7 45. Qa7+ Rd7 46. Qc5+ Kf6 47. Qxc2 Re7 48.
Qc1 Kg6 49. Qf4 Rf7 50. Qg4+ Kh7 51. h4 Rg7 52. Qf5+ Kh8 53. g4 Kg8 54. Kh2 Kh8 55.
Kh3 Kg8 56. Qe6+ Kh7 57. Kg3 Rg6 58. Qf5 Kg7 59. Qd7+ Kh8 60. Kf4 Rg7 61. Qe8+ Kh7 62. Kf5 Rg8 63. Qe7+ Rg7 64. Qe6 Rg8 65. Qxg8+ Kxg8 66. Kg6 h5 67. Kxh5 Kh7 68. Kg5 Kg7 69. h5 Kh7 70. h6 Kh8 71. Kh5 Kh7 72. g5 Kh8 73.
Kg6 Kg8 74. h7+ Kh8 75. Kf7 Kxh7 76. g6+ 1-0

[Event "Late-Titled-Tuesday-Blitz-February-27-2024"]
[Site "Chess.com"]
[Date "2024.02.27"]
[Round "1"]
[White "Smile2005"]
[Black "Yurovskykh_Oleksandr"]
[Result "0-1"]
[WhiteElo "2391"]
[BlackElo "2687"]
[TimeControl "180+1"]
[EndTime "14:07:34 PST"]
[Termination "Yurovskykh_Oleksandr won by checkmate"]

1. e4 e6 2. d4 d5 3. Nd2 dxe4 4. Nxe4 Bd7 5. Nf3 Bc6 6. Bd3 Nd7 7. Neg5 Bd6 8. O-O h6 9. Nxe6 fxe6 10. Bg6+ Kf8 11.
Re1 Qf6 12. Qd3 Bxf3 13. Qxf3 Qxf3 14. gxf3 Ne7 15. Rxe6 Nxg6 16. Rxg6 Kf7 17. Rg4 Rae8 18. Be3 Nf6 19. Rg2 Nd5 20. Re1 Bf4 21. c4 Nxe3 22. fxe3 Bxe3+ 23. Kf1 Bxd4 24. Rd1 Bf6 25. Rd7+ Re7 26.
Rxe7+ Kxe7 27. Re2+ Kf7 28. Rd2 Rd8 29. Rxd8 Bxd8 30. b3 Ke6 31. Ke2 Ke5 32. Ke3 Bg5+ 33. Kd3 Bf4 34. Ke2 Kd4 35. h3 g5 36. Kf2 Kd3 37.
Kg2 Ke2 38. c5 c6 39. b4 a6 40. a4 h5 41. h4 gxh4 42. Kh3 Bg5 43. f4 Bf6 44. f5 Kf3 45. Kh2 Kf4 46. Kh3 Kxf5 47.
Kg2 Kg4 48. Kh2 h3 49. Kh1 Be5 50. Kg1 Kf3 51. Kh1 Ke3 52. Kg1 Kd3 53. b5 axb5 54.
axb5 cxb5 55. c6 bxc6 56. Kf2 Ke4 57. Kg1 b4 58. Kh1 b3 59. Kg1 b2 60. Kf2 b1=N 61.
Ke2 Nc3+ 62. Kf2 Nd5 63. Kg1 c5 64. Kf2 c4 65. Ke2 c3 66. Kd1 Kd3 67. Kc1 h2 68.
Kb1 h1=N 69. Kc1 Ng3 70. Kd1 Ne4 71. Ke1 Ke3 72. Kd1 Nb4 73. Ke1 Nc5 74. Kf1 Bg3 75. Kg2 c2 76. Kxg3 c1=N 77. Kh4 N1d3 78. Kxh5 Kf4 79. Kg6 Nd5 80. Kf7 Ne5+ 81. Ke8 Kf5 82.
Kd8 Ke6 83. Kc8 Nf7 84. Kb8 Kd6 85. Kc8 Kc6 86. Kb8 Kb6 87. Kc8 Ne7+ 88. Kb8 Ka6 89. Kc7 Kb5 90. Kb8 Kb6 91. Ka8 Nd6 92. Kb8 Nb5 93.
Ka8 Nc7+ 94. Kb8 Nd7# 0-1

[Event "Late-Titled-Tuesday-Blitz-February-27-2024"]
[Site "Chess.com"]
[Date "2024.02.27"]
[Round "1"]
[White "ElDivis"]
[Black "Kosak12"]
[Result "1-0"]
[WhiteElo "2471"]
[BlackElo "2793"]
[TimeControl "180+1"]
[EndTime "14:07:35 PST"]
[Termination "ElDivis won on time"]

1. d4 Nf6 2. Nf3 g6 3. g3 Bg7 4. Bg2 O-O 5. O-O d6 6. c4 Nc6 7. Nc3 Rb8 8. Bf4 a6 9. Rc1 Ng4 10. d5 Nce5 11. h3 Nxf3+ 12. exf3 Ne5 13. b3 c5 14.
dxc6 Nxc6 15. Be3 Bd7 16. f4 Qc8 17. Kh2 b5 18. Nd5 Qd8 19. cxb5 axb5 20. Qd2 e6 21.
Nc3 d5 22. Bc5 Re8 23. Rfd1 Qa5 24. b4 Qa6 25. Bf1 d4 26. Ne4 Ra8 27. Nd6 Reb8 28. Ra1 e5 29. a4 exf4 30. Qxf4 Be6 31. Bxb5 Rxb5 32. Nxb5 Qb7 33. Nd6 Qd7 34. a5 Ne5 35. Rab1 Rd8 36. Ne4 g5 37. Nf6+ Bxf6 38. Qxf6 Bxh3 39.
Qxe5 Bg4 40. Qxg5+ Kh8 41. Rxd4 Qe6 42. Rxd8+ 1-0

[Event "Late-Titled-Tuesday-Blitz-February-27-2024"]
[Site "Chess.com"]
[Date "2024.02.27"]
[Round "1"]
[White "KATPAH"]
[Black "Jahonas"]
[Result "1-0"]
[WhiteElo "2654"]
[BlackElo "2361"]
[TimeControl "180+1"]
[EndTime "14:07:35 PST"]
[Termination "KATPAH won by resignation"]

1. e4 c6 2. d4 d5 3. exd5 cxd5 4. c4 Nf6 5. Nc3 e6 6. Nf3 Be7 7. cxd5 Nxd5 8. Bb5+ Bd7 9. Bxd7+ Nxd7 10. Nxd5 exd5 11. O-O O-O 12. Qb3 Nb6 13. Bf4 Bd6 14. Ne5 f6 15. Nd3 Bxf4 16. Nxf4 Qd6 17. g3 Rae8 18. Rfe1 g5 19.
Nd3 Kg7 20. Nc5 Re7 21. Qf3 Rfe8 22. Rxe7+ Rxe7 23. Qf5 Nc4 24. b3 Nd2 25. Rd1 Ne4 26.
Qc8 b6 27. Nd3 Rc7 28. Qf5 Qd7 29. Qf3 Rc2 30. a4 Qc6 31. Qf5 Rd2 32. Rxd2 Nxd2 33. Kg2 Ne4 34. Nb4 Qc3 35. Nxd5 Qxd4 36. Qd7+ Kh6 37. Qf5 Kg7 38. Ne3 Nc5 39. Qf3 Qe4 40.
Qxe4 Nxe4 41. b4 Nc3 42. a5 bxa5 43. bxa5 Nb5 44. Kf3 Kf7 45. Ke4 Ke6 46. Nc4 h5 47. h4 gxh4 48. gxh4 f5+ 49. Kf4 Kf6 50. Ne3 Nd6 51. Nd5+ Ke6 52. Nc7+ Kd7 53. Nd5 Ke6 54. Ne3 Kf6 55. f3 Ke6 56. Kg5 Ke5 57. Kxh5 f4 58.
Ng2 a6 59. Kg5 Nc4 60. h5 Nxa5 61. h6 Nc6 62. h7 Nd8 63. h8=Q+ Kd6 64. Qxd8+ 1-0

[Event "Late-Titled-Tuesday-Blitz-February-27-2024"]
[Site "Chess.com"]
[Date "2024.02.27"]
[Round "1"]
[White "PNEPaul"]
[Black "GiorgianBarbosa"]
[Result "0-1"]
[WhiteElo "2048"]
[BlackElo "2537"]
[TimeControl "180+1"]
[EndTime "14:07:35 PST"]
[Termination "GiorgianBarbosa won by resignation"]

1. e4 c5 2. Nf3 d6 3. d4 cxd4 4.
c3 Nf6 5. Bd3 dxc3 6. Nxc3 Nbd7 7. h3 e6 8. O-O a6 9. a3 Be7 10. Bf4 O-O 11. Qe2 b5 12. Rfd1 e5 13. Be3 Bb7 14.
Rac1 Rc8 15. Bb1 Rc7 16. Nd5 Nxd5 17. exd5 Rxc1 18. Rxc1 Qb8 19. Ng5 Bxg5 20. Bxg5 h6 21. Be7 Re8 22. Qe4 Nf8 23. Bxf8 Kxf8 24. Qh7 Bxd5 25.
Qh8+ Ke7 26. Qxg7 Rg8 27. Qxh6 Rxg2+ 28. Kf1 Qb7 29. Qh4+ Kf8 30. Qh8+ Rg8 31. Qh6+ Ke7 32. Qh4+ Kf8 33. Qh6+ Ke8 34. Qxd6 Bc4+ 35. Ke1 Rg1+ 36. Kd2 Rxc1 37. Kxc1 Qh1+ 38. Kc2 Qe4+ 39. Kc1 Qe1+ 40.
Kc2 Qxf2+ 41. Kc1 Qf1+ 42. Kc2 Qd3+ 43. Kc1 Qxd6 0-1

[Event "Late-Titled-Tuesday-Blitz-February-27-2024"]
[Site "Chess.com"]
[Date "2024.02.27"]
[Round "1"]
[White "Vse_po_kaify"]
[Black "rhungaski"]
[Result "0-1"]
[WhiteElo "2238"]
[BlackElo "2595"]
[TimeControl "180+1"]
[EndTime "14:07:36 PST"]
[Termination "rhungaski won by resignation"]

1. e4 c5 2. Nf3 Nc6 3. Bb5 d6 4. O-O Bd7 5. Re1 Nf6 6. c3 a6 7. Bf1 Bg4 8. h3 Bxf3 9. Qxf3 g6 10. d3 Bg7 11. Be3 Nd7 12. Nd2 O-O 13. Qd1 b5 14. Nf3 e5 15. Rc1 Nb6 16. d4 exd4 17. cxd4 c4 18.
d5 Ne5 19. Nd4 Na4 20. Qd2 Nc5 21. Red1 Nxe4 22. Qc2 Qh4 23. f4 Nd3 24. Bxd3 cxd3 25. Qxd3 Rfe8 26. Ne6 Bxb2 27. Rc7 Nc5 28. Nxc5 dxc5 29.
d6 Rad8 30. Bxc5 Qxf4 31. Re7 Rf8 32. d7 Qg5 33. Qd5 Be5 34. h4 Qg4 35. Qxe5 Qxd1+ 36. Kh2 Rxd7 37. Rxd7 Qxd7 38. Bxf8 Kxf8 39. Qh8+ Ke7 40. Qxh7 Qe6 41. Qh6 Qe5+ 42. Kh3 a5 43. Qd2 Qe6+ 44.
Kh2 Qd6+ 0-1

[Event "Late-Titled-Tuesday-Blitz-February-27-2024"]
[Site "Chess.com"]
[Date "2024.02.27"]
[Round "1"]
[White "JosephRyan"]
[Black "chucksterf10"]
[Result "0-1"]
[WhiteElo "2184"]
[BlackElo "2570"]
[TimeControl "180+1"]
[EndTime "14:07:36 PST"]
[Termination "chucksterf10 won on time"]

1. e4 a6 2. d4 c6 3. Nf3 d5 4.
Nbd2 Bg4 5. Bd3 e6 6. h3 Bh5 7. c3 c5 8. exd5 Qxd5 9. Qb3 Nf6 10. Bc4 Qd7 11. Ne5 Qc8 12. O-O Bd6 13. Ndf3 O-O 14. Be3 Nbd7 15. Bxe6 cxd4 16. Nxd7 Nxd7 17. Nxd4 Qc7 18.
Bd5 Rab8 19. Bf3 Bxf3 20. Nxf3 Nf6 21. Rad1 Rfd8 22. Rd2 h6 23. Rfd1 b5 24. Nd4 Ne4 25. Rd3 Nc5 26. Qc2 Nxd3 27. Rxd3 Be5 28. Nf5 Rxd3 29.
Qxd3 Rd8 30. Qe2 b4 31. c4 Bxb2 32. g3 Bf6 33. Qg4 Kf8 34. c5 Rd5 35. Qe4 Qe5 36. Qc2 Qxf5 37. Qa4 Qb1+ 38. Kh2 Rd1 39. c6 Qe4 40. Bc5+ Kg8 41. Qxd1 Qxc6 0-1

[Event "Late-Titled-Tuesday-Blitz-February-27-2024"]
[Site "Chess.com"]
[Date "2024.02.27"]
[Round "1"]
[White "Inepton_Fermion"]
[Black "Fonsofan"]
[Result "0-1"]
[WhiteElo "2429"]
[BlackElo "2749"]
[TimeControl "180+1"]
[EndTime "14:07:39 PST"]
[Termination "Fonsofan won by checkmate"]

1. d4 d6 2. Nc3 e5 3. dxe5 dxe5 4. Qxd8+ Kxd8 5. e4 Be6 6. Nf3 f6 7. Be3 Nd7 8. O-O-O c6 9. Nd2 Bb4 10. Ndb1 Kc7 11.
a3 Ba5 12. b4 Bb6 13. Bxb6+ axb6 14. Kb2 b5 15. Nd2 Ne7 16. Nb3 Rhd8 17. Be2 Nc8 18. g3 Ncb6 19. Na5 Nc8 20. f4 Re8 21. Rhf1 b6 22.
Nb3 Nd6 23. Rd2 Rad8 24. Rfd1 Nf8 25. Bd3 exf4 26. gxf4 g5 27. fxg5 fxg5 28. e5 Nc4+ 29. Bxc4 Bxc4 30. Rxd8 Rxd8 31. Rxd8 Kxd8 32. Nd4 Kd7 33.
Ne4 h6 34. Nf5 Bd5 35. Nf6+ Ke6 36. Nxh6 Kxe5 37. Nhg4+ Kd4 38. c3+ Kd3 39. Nxd5 cxd5 40.
Nf6 d4 41. cxd4 Kxd4 42. Kc2 Ke3 43. Kc3 Ne6 44. Nd5+ Kf2 45. Nxb6 Kg2 46. Nd7 Kxh2 47. Nf6 Kg2 48. Kd3 Kf3 49. a4 bxa4 50. Kc4 Nc7 51. Kc3 g4 52. Nxg4 Kxg4 53. Kb2 Nb5 54.
Ka2 Kf4 55. Kb2 Ke4 56. Ka2 Kd4 57. Kb2 Kc4 58. Ka2 Kxb4 59. Kb2 a3+ 60. Ka2 Ka4 61.
Ka1 Kb3 62. Kb1 Nd4 63. Ka1 Nc2+ 64. Kb1 a2+ 65. Kc1 a1=Q+ 66. Kd2 Qe1+ 67. Kd3 Qe3# 0-1

[Event "Late-Titled-Tuesday-Blitz-February-27-2024"]
[Site "Chess.com"]
[Date "2024.02.27"]
[Round "1"]
[White "CheckBits"]
[Black "farzadbfd"]
[Result "0-1"]
[WhiteElo "2397"]
[BlackElo "2707"]
[TimeControl "180+1"]
[EndTime "14:07:39 PST"]
[Termination "farzadbfd won by resignation"]

1. d4 Nf6 2. Nf3 e6 3. Bf4 c5 4.
e3 b6 5. Nbd2 Be7 6. c3 O-O 7.
h3 d6 8. a4 Ba6 9. Bxa6 Nxa6 10. Qe2 Nc7 11. e4 d5 12. e5 Nd7 13. O-O a6 14. g3 b5 15. h4 Qb8 16. Rfb1 b4 17.
c4 dxc4 18. Nxc4 Nd5 19. Bg5 Bxg5 20. Nxg5 h6 21. Ne4 cxd4 22. Ned6 Nc5 23. Rd1 Ra7 24. Rxd4 Nb3 25. Rad1 Nxd4 26. Rxd4 Rd7 27. Rg4 Qd8 28.
Qd2 Kh8 29. h5 Qe7 30. Re4 Rfd8 31. Qe2 Qf8 32. Kg2 f5 33. exf6 Nxf6 34. Rxe6 Rxd6 35.
Nxd6 Rxd6 36. Re7 Qa8+ 37. Kg1 Qd8 38. Re3 Rd1+ 39. Kh2 Qd5 40. Qf3 Qxf3 41. Rxf3 Rd2 42. b3 Nxh5 43. g4 Nf6 44. Kg2 Nxg4 45. Rf4 Rxf2+ 46.
Rxf2 Nxf2 47. Kxf2 g5 0-1

[Event "Late-Titled-Tuesday-Blitz-February-27-2024"]
[Site "Chess.com"]
[Date "2024.02.27"]
[Round "1"]
[White "Goryachkina"]
[Black "jamengrand"]
[Result "1-0"]
[WhiteElo "2696"]
[BlackElo "2397"]
[TimeControl "180+1"]
[EndTime "14:07:39 PST"]
[Termination "Goryachkina won by resignation"]

1. e4 e5 2. Nf3 Nc6 3. Nc3 Nf6 4. Bb5 Nd4 5. Bc4 Bc5 6. d3 Nxf3+ 7. Qxf3 h6 8. O-O c6 9. Qg3 Qe7 10. Qxg7 Rg8 11. Qxh6 d5 12. exd5 Ng4 13. Qh7 Nf6 14. Qh6 Rg6 15. Qh4 cxd5 16. Nxd5 Nxd5 17. Qh8+ Kd7 18. Bxd5 Kd6 19. c4 Rb8 20. Be3 Bxe3 21. fxe3 Qg5 22. Qf8+ Kc7 23. Rxf7+ Bd7 24. Rxd7+ Kxd7 25.
Qxb8 Qxe3+ 26. Kh1 Rh6 27. Qxb7+ Kd8 28. Qb8+ Kd7 29. Rf1 Rxh2+ 30. Kxh2 Qh6+ 31. Kg1 Qe3+ 32. Rf2 Qc1+ 33. Kh2 Qh6+ 34. Kg3 Qg5+ 35. Kf3 Qh5+ 36. Ke3 Qg5+ 37. Ke2 Qg4+ 38. Bf3 Qd4 39. Qb7+ 1-0

[Event "Late-Titled-Tuesday-Blitz-February-27-2024"]
[Site "Chess.com"]
[Date "2024.02.27"]
[Round "1"]
[White "GMKrikor"]
[Black "NovakRatko"]
[Result "1-0"]
[WhiteElo "2858"]
[BlackElo "2473"]
[TimeControl "180+1"]
[EndTime "14:07:40 PST"]
[Termination "GMKrikor won on time"]

1. Nf3 d5 2. c4 d4 3. b4 a5 4. b5 c5 5. bxc6 Nxc6 6. g3 e5 7. d3 Bg4 8. Bg2 Bd6 9. O-O Nf6 10. Bg5 h6 11. Bxf6 Qxf6 12. Nbd2 Qe7 13. Rb1 O-O 14. Qa4 Rfb8 15. h3 Bd7 16. Qd1 Nb4 17. Rb2 f5 18.
Nh4 g5 19. Nhf3 a4 20. a3 Nc6 21. Nb1 Bxa3 22. Nxa3 Qxa3 23. Rb5 Qe7 24. Qd2 e4 25. dxe4 fxe4 26. Nh2 a3 27. Rd5 a2 28. Ra1 Qe6 29. Ng4 Kg7 30. Bxe4 Qe7 31. Nh2 Bxh3 32. Bf3 Qf6 33. Rxa2 Rxa2 34. Qxa2 Be6 35. Rd6 Bxc4 36. Qa3 Qf7 37. Qc5 Be6 38. Bh5 Qe7 39. Ng4 Rd8 40.
Rxc6 Qxc5 41. Rxc5 1-0

[Event "Late-Titled-Tuesday-Blitz-February-27-2024"]
[Site "Chess.com"]
[Date "2024.02.27"]
[Round "1"]
[White "giomar27"]
[Black "lamomiajunior"]
[Result "0-1"]
[WhiteElo "2413"]
[BlackElo "2723"]
[TimeControl "180+1"]
[EndTime "14:07:40 PST"]
[Termination "lamomiajunior won on time"]

1. Nc3 c5 2. e4 d6 3. d4 cxd4 4. Qxd4 Nc6 5. Qd2 g6 6. b3 Bh6 7. f4 f5 8. Bb2 Nf6 9. exf5 Bxf5 10. O-O-O O-O 11. Nf3 e6 12. h3 Ne4 13. Nxe4 Bxe4 14.
Ng5 Bxg5 15. fxg5 d5 16. Kb1 Rc8 17. Bb5 Qb6 18. Qc3 d4 19. Qc4 Ne5 20. Qxd4 Bxc2+ 21. Ka1 Qxb5 22. Rde1 Rc5 23. b4 Rd5 24. Qc3 Bf5 25.
g4 Bd3 26. Re3 Qc4 27. Rxe5 Qxc3 28. Bxc3 Rc8 29. Rxd5 exd5 30. Kb2 Be4 31. Rf1 Rd8 32. Bd4 b6 33. Rf6 Rc8 34. Rd6 Rc2+ 35. Kb3 Rd2 36. Bf6 Rd3+ 37. Ka4 Kf7 38. Rd7+ Ke6 39. Re7+ Kd6 40.
Rxh7 Rd2 41. Kb5 Bd3+ 42. Ka4 Rxa2+ 43. Kb3 Rg2 44. Kc3 Be4 0-1

[Event "Late-Titled-Tuesday-Blitz-February-27-2024"]
[Site "Chess.com"]
[Date "2024.02.27"]
[Round "1"]
[White "GlavkonVVS"]
[Black "Rud_Makarian"]
[Result "0-1"]
[WhiteElo "2523"]
[BlackElo "3089"]
[TimeControl "180+1"]
[EndTime "14:07:41 PST"]
[Termination "Rud_Makarian won by resignation"]

1. c4 Nf6 2. Nc3 e6 3. g3 d5 4. Bg2 d4 5. Na4 Nc6 6. Nf3 e5 7. d3 Be7 8. O-O O-O 9. a3 a5 10. e3 Re8 11. exd4 exd4 12. Re1 h6 13. h3 Bd6 14.
Bd2 Rxe1+ 15. Bxe1 Bf5 16. Qb3 Rb8 17. Bd2 Qd7 18.
g4 Be6 19. Qb5 b6 20. Re1 Na7 21. Qxd7 Bxd7 22. b3 Bxa4 23. bxa4 Nc6 24. Bc1 Kf8 25. Kf1 Re8 26. Rxe8+ Kxe8 27. Ke2 Bc5 28. Nh4 Nd8 29. Nf5 Ne6 30. f4 Kd7 31. Ng3 Bd6 32.
Kf3 Nc5 33. g5 hxg5 34. fxg5 Ne8 35. Ne2 Nxd3 36. Bd2 c5 37. h4 g6 38. Ke4 Nb2 39. Bh3+ Ke7 40. Kd5 Nc7+ 41. Kc6 Nxc4 42. Bf4 Ne8 43.
Bxd6+ Nexd6 44. Nf4 Ne5+ 45. Kxb6 d3 46. Bf1 d2 47. Nd5+ Ke6 48. Ne3 Ndc4+ 49. Nxc4 d1=Q 50. Bh3+ f5 51. gxf6+ Kxf6 52. Nxa5 c4 0-1